 Dungeon Crawl Stone Soup version 0.23.0-2-g0fe3ce5 (webtiles) character file.

Game seed: 12399196764107643486

77 mdsw14 the Sneak (level 4, 0/38 HPs)
             Began as a Gnoll Wanderer on Feb 19, 2019.
             Shot with an arrow by a centaur (1 damage)
             ... on level 2 of the Dungeon.
             The game lasted 00:08:06 (1818 turns).

mdsw14 the Sneak (Gnoll Wanderer)                   Turns: 1818, Time: 00:08:07

Health: 0/38       AC:  9    Str: 15    XL:     4   Next: 34%
Magic:  5/5        EV: 10    Int: 12    God:
Gold:   49         SH:  4    Dex: 15    Spells: 5/5 levels left

rFire    . . .     SeeInvis .   n - +0 short sword
rCold    . . .     Gourm    .   m - +0 buckler (curse)
rNeg     . . .     Faith    .   k - +1 scale mail
rPois    .         Spirit   .   g - +1 hat
rElec    .         Reflect  .   (no cloak)
rCorr    .         Harm     .   (no gloves)
MR       .....                  (no boots)
Stlth    ++........             (no amulet)
HPRegen  0.12/turn              i - -2 ring of intelligence (curse)
MPRegen  0.09/turn              (no ring)

@: very slightly contaminated, invisible
A: distributed training, fangs 1, strong nose
a: no special abilities


You were on level 2 of the Dungeon.
You were not hungry.

You visited 1 branch of the dungeon, and saw 3 of its levels.

You collected 49 gold pieces.

Inventory:

Hand Weapons
 a - a +2 shortbow
 n - a +0 short sword (weapon)
Missiles
 b - 47 arrows
 c - 24 bolts
 e - 12 poisoned needles
Armour
 g - a +1 hat (worn)
 k - a +1 scale mail (worn)
 m - a cursed +0 buckler (worn)
Jewellery
 i - a cursed -2 ring of intelligence (left hand)
 l - an uncursed amulet of regeneration {unknown}
Scrolls
 p - 2 scrolls of identify
Potions
 d - a potion of lignification
Comestibles
 f - 4 rations
 j - 2 chunks of flesh


   Skills:
 + Level 4.6 Fighting
 + Level 1.1 Short Blades
 + Level 1.1 Long Blades
 + Level 1.1 Axes
 + Level 1.1 Maces & Flails
 + Level 1.1 Polearms
 + Level 1.1 Staves
 + Level 1.1 Slings
 + Level 2.7 Bows
 + Level 1.1 Crossbows
 + Level 1.1 Throwing
 + Level 4.6 Armour
 + Level 2.7 Dodging
 + Level 6.0 Stealth
 + Level 1.1 Shields
 + Level 2.7 Unarmed Combat
 + Level 1.1 Spellcasting
 + Level 0.8 Conjurations
 + Level 0.8 Hexes
 + Level 0.8 Charms
 + Level 0.8 Summonings
 + Level 0.8 Necromancy
 + Level 0.8 Translocations
 + Level 0.8 Transmutations
 + Level 0.8 Fire Magic
 + Level 0.8 Ice Magic
 + Level 0.8 Air Magic
 + Level 0.8 Earth Magic
 + Level 0.8 Poison Magic
 + Level 1.2 Invocations
 + Level 1.1 Evocations


You had 5 spell levels left.
You didn't know any spells.
Your spell library was empty.

Dungeon Overview and Level Annotations

Branches:
Dungeon (3/15)

Altars:


Innate Abilities, Weirdness & Mutations

Your experience applies equally to all skills.
You have very sharp teeth.
Your uncanny sense of smell can sniff out nearby items.


Message History

It is a scroll of enchant armour.
Your +0 scale mail glows green for a moment.
The centaur barely misses you. The centaur hits you.
* * * LOW HITPOINT WARNING * * *
As you read the scroll labeled ASOMED QARGH, it crumbles to dust.
You feel aware of your surroundings.
You sensed 1 altar, and 1 shop/portal.
It was a scroll of magic mapping.
The centaur hits you but does no damage.
It was a potion of invisibility.
You fade into invisibility!
The centaur hits you.
* * * LOW HITPOINT WARNING * * *
The centaur hits you but does no damage.
You are very lightly contaminated with residual magic.
The centaur wields a +0 shortbow.
The centaur shoots an arrow.
The arrow closely misses you.
The centaur shoots an arrow.
The arrow hits you.
* * * LOW HITPOINT WARNING * * *
The centaur shoots an arrow.
The arrow hits you.
You die...

#################
#...(..@...c....#
##.#############.# *
#.........# *,*
**#######..######.#*****,*
,,.........#
*,,,,,,,*,**######
#**######.##
*,,,,,,,,,,,...... # #.#
**,,,,,,,*****##### # #รท#
*,,,,,,,,* # ### #.#
**,,,,,,,* ##


You could see a centaur.

Vanquished Creatures
  2 adders
  5 oozes (D:1)
  2 giant cockroaches (D:1)
  4 goblins
  2 hobgoblins (D:1)
  7 jackals (D:2)
  2 kobolds (D:1)
  A quokka (D:2)
  3 bats
  5 frilled lizards
  3 rats
36 creatures vanquished.

Notes
Turn   | Place    | Note
-------+----------+-------------------------------------------
     0 | D:1      | mdsw14 the Gnoll Wanderer began the quest for the Orb.
     0 | D:1      | mdsw14 set off with the following items: a +2 shortbow, 26
                  | arrows, a +0 ring mail, a potion of lignification, a +0
                  | dagger, a ration
     0 | D:1      | Reached XP level 1. HP: 20/20 MP: 1/1
   167 | D:1      | Reached XP level 2. HP: 6/26 MP: 2/2
   631 | D:1      | Reached XP level 3. HP: 31/31 MP: 3/3
   877 | D:1      | Reached skill level 6 in Stealth
   971 | D:1      | Reached skill level 1 in Invocations
  1315 | D:2      | Reached skill level 1 in Short Blades
  1315 | D:2      | Reached skill level 1 in Long Blades
  1315 | D:2      | Reached skill level 1 in Axes
  1315 | D:2      | Reached skill level 1 in Maces & Flails
  1315 | D:2      | Reached skill level 1 in Polearms
  1315 | D:2      | Reached skill level 1 in Staves
  1315 | D:2      | Reached skill level 1 in Slings
  1315 | D:2      | Reached skill level 1 in Crossbows
  1315 | D:2      | Reached skill level 1 in Throwing
  1315 | D:2      | Reached skill level 1 in Shields
  1315 | D:2      | Reached skill level 1 in Spellcasting
  1315 | D:2      | Reached skill level 1 in Evocations
  1341 | D:2      | Reached XP level 4. HP: 35/38 MP: 5/5
  1732 | D:2      | Noticed a centaur
  1818 | D:2      | HP: 1/38 [centaur/arrow (2)]
  1818 | D:2      | Shot with an arrow by a centaur

Skill      XL: |  1  2  3 |
---------------+----------+-----
Stealth        | 6 |  6.0
Invocations    | 1 |  1.2
Short Blades   | 1 |  1.1
Long Blades    | 1 |  1.1
Axes           | 1 |  1.1
Maces & Flails | 1 |  1.1
Polearms       | 1 |  1.1
Staves         | 1 |  1.1
Slings         | 1 |  1.1
Crossbows      | 1 |  1.1
Throwing       | 1 |  1.1
Shields        | 1 |  1.1
Spellcasting   | 1 |  1.1
Evocations     | 1 |  1.1
Fighting       | |  4.6
Bows           | |  2.7
Armour         | |  4.6
Dodging        | |  2.7
Unarmed Combat | |  2.7
Conjurations   | |  0.8
Hexes          | |  0.8
Charms         | |  0.8
Summonings     | |  0.8
Necromancy     | |  0.8
Translocations | |  0.8
Transmutations | |  0.8
Fire Magic     | |  0.8
Ice Magic      | |  0.8
Air Magic      | |  0.8
Earth Magic    | |  0.8
Poison Magic   | |  0.8

Action                   |  1- 3 |  4- 6 || total
-------------------------+-------+-------++-------
Melee: Dagger            |    41 |       ||    41
       Bite              |    10 |    11 ||    21
       Whip              |    29 |       ||    29
       Short sword       |    33 |    50 ||    83
Throw: Throwing net      |       |     1 ||     1
  Use: Scroll            |     3 |     2 ||     5
       Potion            |       |     1 ||     1
 Stab: Sleeping          |     7 |       ||     7
  Eat: Chunk             |     1 |     2 ||     3
Armor: Ring mail         |     9 |       ||     9
       Scale mail        |    24 |    31 ||    55
Dodge: Dodged            |    55 |    33 ||    88
Block: Buckler           |     9 |    15 ||    24
